 Dungeon Crawl Stone Soup version 0.16.0-17-g811c1d7 (webtiles) character file.

3360 Leybi the Protected (level 9, -1/83 HPs)
             Began as a Minotaur Fighter on Mar 20, 2015.
             Was a Follower of Okawaru.
             Slain by a killer bee (3 damage)
             ... on level 8 of the Dungeon.
             The game lasted 00:29:12 (7518 turns).

Leybi the Protected (Minotaur Fighter)              Turns: 7518, Time: 00:29:12

Health: -1/83      AC: 15    Str: 27    XL:     9   Next: 73%
Magic:  4/4        EV:  6    Int:  5    God:    Okawaru [*.....]
Gold:   2          SH: 12    Dex:  9    Spells: 0 memorised, 8 levels left

rFire  . . .     SeeInvis .     a - +0 war axe
rCold  . . .     Clarity  .     k - +0 plate armour
rNeg   . . .     SustAb   .     c - +0 shield (curse)
rPois  .         Gourm    .     (helmet restricted)
rElec  .         Spirit   .     (no cloak)
rCorr  .         Warding  .     F - +0 pair of gloves
rMut   .         Stasis   .     (no boots)
MR     .....                    (no amulet)
Stlth  ..........               I - ring of stealth
                                l - +2 ring of strength

@: lethally poisoned (-1 -> -4), very slightly contaminated, hasted, very quick,
not resistant to hostile enchantments, extremely unstealthy
A: retaliatory headbutt, horns 2
a: Heroism, Renounce Religion


You were on level 8 of the Dungeon.
You worshipped Okawaru.
Okawaru was aware of your devotion.
You were not hungry.

You visited 2 branches of the dungeon, and saw 9 of its levels.
You also visited: Sewer and Ossuary.

You collected 290 gold pieces.
You spent 288 gold pieces at shops.

Inventory:

Hand weapons
 a - a +0 war axe (weapon)
Armour
 c - a cursed +0 shield (worn)
 k - a +0 plate armour (worn)
 F - a +0 pair of gloves (worn)
Jewellery
 l - a +2 ring of strength (left hand)
 I - a ring of stealth (right hand)
 J - a cursed ring of positive energy {unknown}
Magical devices
 G - a wand of draining (6)
 K - a wand of confusion (40)
 N - a wand of hasting (5)
Scrolls
 b - a scroll of noise {unknown}
 h - a scroll of magic mapping
 i - 5 scrolls of teleportation
 j - a scroll of enchant weapon {unknown}
 o - 3 scrolls of identify
 p - 2 scrolls of recharging
 r - 3 scrolls of fog
 t - 3 scrolls of remove curse
 w - 2 scrolls of fear
 x - a scroll of enchant armour {unknown}
 y - a scroll of amnesia {unknown}
 M - 2 scrolls of summoning
Potions
 e - 4 potions of might
 f - 2 potions of heal wounds {unknown}
 g - 7 potions of curing
 m - 3 potions of cancellation {unknown}
 n - 3 potions of degeneration {unknown}
 q - 3 potions of haste
 u - 2 potions of restore abilities
 v - 2 potions of magic {unknown}
 z - 2 potions of brilliance {unknown}
 A - a potion of berserk rage {unknown}
 B - 3 potions of resistance {unknown}
 C - 2 potions of cure mutation {unknown}
 D - 3 potions of agility
Books
 E - a book of Summonings

   Spells                             Type                      Level
   a - Abjuration                     Summoning                    3
   b - Recall                         Summoning/Translocation      3
   c - Shadow Creatures               Summoning                    5
   d - Summon Demon                   Summoning                    5
   e - Summon Forest                  Summoning/Translocation      5
   f - Monstrous Menagerie            Summoning                    6
 L - a Grand Grimoire {highlevel, unknown}

   This book is beyond your current level of understanding.

   Spells                             Type                      Level
   a - Aura of Abjuration             Summoning                    6
   b - Summon Greater Demon           Summoning                    7
   c - Malign Gateway                 Summoning/Translocation      7
   d - Summon Horrible Things         Summoning                    8
 O - a book of Conjurations

   Spells                             Type                      Level
   a - Magic Dart                     Conjuration                  1
   b - Searing Ray                    Conjuration                  2
   c - Dazzling Spray                 Conjuration/Hexes            3
   d - Fulminant Prism                Conjuration/Hexes            4
   e - Iskenderun's Mystic Blast      Conjuration                  4
   f - Iskenderun's Battlesphere      Conjuration/Charms           5
Comestibles
 d - 4 bread rations
 s - 6 meat rations
 H - 3 fruits
 P - 3 chunks of flesh


   Skills:
 + Level 9.1 Fighting
 + Level 8.2 Axes
 + Level 9.2 Armour
 - Level 0.9 Dodging
 + Level 9.2 Shields


You had 8 spell levels left.
You didn't know any spells.

Dungeon Overview and Level Annotations

Branches:
Dungeon (8/15)             Temple (1/1) D:7
   Lair: D:8-11

Altars:
Ashenzari
Cheibriados
Dithmenos
Fedhas
Gozag
Kikubaaqudgha
Makhleb
Nemelex Xobeh
Okawaru
Qazlal
Ru
Sif Muna
Trog
Vehumet
Xom
Yredelemnul
Zin
The Shining One

Shops:
D:8 *

Annotations:
D:8 Eustachio


Innate Abilities, Weirdness & Mutations

You reflexively headbutt those who attack you in melee.
You have a pair of horns on your head.


Message History

You block the killer bee's attack. You block the killer bee's attack.
You feel sick.
The killer bee stings you but does no damage.
You block the killer bee's attack. You block the killer bee's attack.
The killer bee stings you.
* * * LOW HITPOINT WARNING * * *
You are lethally poisoned!
The killer bee poisons you!
* * * LOW HITPOINT WARNING * * *
You feel sick.
The killer bee stings you but does no damage.
You block the killer bee's attack.
The killer bee stings you but does no damage.
There is a stone staircase leading up here.
You can't go down here!
* * * LOW HITPOINT WARNING * * *
You feel sick. The killer bee stings you.
You die...

##### #..# #)#........#
##...####∩#####.#..#........
#.........^..............#..
#.....####..#......#........
#...(.# ##...##...#...###.
##...## #..........#.# ###.#
#.##....###.... #.#
#.##.##.. .#. #.##
###y@..###.# #..# #......#
.. ##.# #y#....# #.#
#.#....# #.# #.#....#
#.###.#....# #(...y#....#
###.(.###### #...#


You could see 2 killer bees.

Vanquished Creatures
  A two-headed ogre (D:7)
  A hippogriff (D:8)
  Menkaure (D:6)
  2 black bears (D:7)
  3 ogres
  An ice beast (D:7)
  A phantom (D:6)
  A centaur (D:7)
  A giant frog (D:6)
  Blork the orc (D:8)
  3 water moccasin zombies (Ossuary)
  14 killer bees (D:8)
  2 goliath beetles
  3 wights (D:7)
  2 crimson imps
  A giant frog skeleton (D:5)
  Crazy Yiuf (D:4)
  3 hounds
  4 jellies
  5 orc wizards
  2 iguanas
  An orc priest (D:4)
  4 worker ants
  2 big kobold zombies (Ossuary)
  A killer bee zombie (D:8)
  3 mummies
  A worker ant zombie (D:6)
  13 adders
  A giant mite (D:4)
  A shadow imp (D:5)
  4 worms
  7 adder zombies (Ossuary)
  7 giant geckos
  2 oozes (Sewer)
  10 orcs
  5 ball pythons
  19 bats
  2 giant cockroaches
  2 gnoll zombies (Ossuary)
  10 hobgoblins
  15 jackals
  25 kobolds
  4 quokkas
  8 giant newts
  12 goblins
  A hobgoblin zombie (Ossuary)
  A jackal skeleton (D:5)
  6 kobold zombies (Ossuary)
  An orc zombie (Ossuary)
  22 rats
243 creatures vanquished.

Notes
Turn   | Place    | Note
--------------------------------------------------------------
     0 | D:1      | Leybi, the Minotaur Fighter, began the quest for the Orb.
     0 | D:1      | Reached XP level 1. HP: 19/19 MP: 1/1
   123 | D:1      | Reached skill level 4 in Shields
   123 | D:1      | Reached XP level 2. HP: 24/27 MP: 1/1
   460 | D:1      | Reached XP level 3. HP: 19/33 MP: 2/2
  1281 | D:2      | Reached XP level 4. HP: 40/40 MP: 2/2
  1633 | D:3      | Found a glowing golden altar of the Shining One.
  2014 | D:3      | Found a glowing drain.
  2019 | Sewer    | Entered a sewer
  2066 | Sewer    | Reached skill level 5 in Shields
  2157 | Sewer    | Reached XP level 5. HP: 47/47 MP: 2/2
  2429 | D:3      | Reached skill level 5 in Armour
  2627 | D:4      | Noticed Crazy Yiuf
  2636 | D:4      | Killed Crazy Yiuf
  2678 | D:4      | Reached skill level 5 in Fighting
  2788 | D:4      | Reached XP level 6. HP: 46/56 MP: 3/3
  2828 | D:4      | Found a sand-covered staircase.
  2850 | Ossuary  | Entered an ossuary
  3129 | Ossuary  | Reached XP level 7. HP: 56/62 MP: 3/3
  3133 | Ossuary  | Reached skill level 6 in Armour
  4024 | D:5      | Entered Level 5 of the Dungeon
  4024 | D:5      | Found a sparkling altar of Nemelex Xobeh.
  4091 | D:5      | Reached skill level 5 in Axes
  4572 | D:5      | Found a stormy altar of Qazlal.
  4834 | D:5      | Reached XP level 8. HP: 71/71 MP: 3/3
  5171 | D:6      | Reached skill level 7 in Armour
  5660 | D:6      | Noticed Menkaure
  5665 | D:6      | Killed Menkaure
  6225 | D:7      | Found a staircase to the Ecumenical Temple.
  6465 | D:7      | Reached skill level 8 in Armour
  6675 | D:7      | Noticed a two-headed ogre
  6681 | D:7      | Killed a two-headed ogre
  6681 | D:7      | Reached XP level 9. HP: 65/81 MP: 4/4
  6802 | Temple   | Entered the Ecumenical Temple
  6822 | Temple   | Became a worshipper of Warmaster Okawaru
  7095 | D:8      | Found Oceomieg's General Store.
  7106 | D:8      | Upgraded the game from 0.16.0-16-g311141a to 0.16.0-17-g811c1d7
  7106 | D:8      | Bought a potion of restore abilities for 60 gold pieces
  7106 | D:8      | Bought a potion of agility for 48 gold pieces
  7106 | D:8      | Bought a scroll of fear for 42 gold pieces
  7106 | D:8      | Bought a scroll of fog for 24 gold pieces
  7106 | D:8      | Bought a scroll of summoning for 114 gold pieces
  7468 | D:8      | Noticed Eustachio
  7473 | D:8      | Acquired Okawaru's first power
  7476 | D:8      | Noticed Blork the orc
  7477 | D:8      | Reached skill level 9 in Armour
  7496 | D:8      | Killed Blork the orc
  7511 | D:8      | HP: 4/83 [poisoned by a killer bee]
  7518 | D:8      | HP: 2/83 [poisoned by a killer bee]
  7518 | D:8      | Slain by a killer bee

Action                   |  1- 3 |  4- 6 |  7- 9 || total
-------------------------+-------+-------+-------++-------
Melee: War axe           |   120 |   213 |   301 ||   634
  Use: Potion            |       |     1 |     3 ||     4
       Scroll            |       |       |     4 ||     4
  Eat: Chunk             |     1 |     6 |    14 ||    21
       Beef jerky        |       |       |     1 ||     1
